 Dungeon Crawl Stone Soup version 0.31-a0-1005-gfbdfbac (webtiles) character file.

Game seed: 11362602681328255072

69 Partyfoot the Trooper (level 4, 0/35 HPs)
             Began as a Demonspawn Fighter on Nov 11, 2023.
             Slain by a gnoll
             ... wielding a +0 club
              (2 damage)
             ... on level 2 of the Dungeon.
             The game lasted 00:03:36 (1525 turns).

Partyfoot the Trooper (Demonspawn Fighter)          Turns: 1525, Time: 00:03:36

Health: 0/35       AC:  6    Str: 18    XL:     4   Next: 2%
Magic:  4/4        EV:  9    Int:  9    God:
Gold:   68         SH:  4    Dex: 13    Spells: 3/3 levels left

rFire   . . .        a - +0 trident
rCold   . . .        c - +0 buckler
rNeg    . . .        b - +0 scale mail
rPois   .            (helmet restricted)
rElec   .            (no cloak)
rCorr   .            (no gloves)
SInv    .            (no boots)
Will    .....        j - amulet of magic regeneration Stlth
                     (no ring)
HPRegen 0.25/turn    (no ring)
MPRegen 0.49/turn

%: no passive effects
@: no status effects
A: horns 1, powered by death 1
a: no special abilities


You were on level 2 of the Dungeon.
You visited 1 branch of the dungeon, and saw 2 of its levels.

You collected 68 gold pieces.

Inventory:

Hand Weapons
 a - a +0 trident (weapon)
Missiles
 k - 18 stones
 m - a throwing net
Armour
 b - a +0 scale mail (worn)
 c - a +0 buckler (worn)
Jewellery
 j - an amulet of magic regeneration (around neck)
 l - a ring of resist corrosion
Scrolls
 e - a scroll of enchant armour {unknown}
 f - a scroll of revelation {unknown}
 i - a scroll of noise {unknown}
Potions
 d - a potion of might
 g - a potion of degeneration {unknown}
 h - a potion of ambrosia {unknown}
 n - a potion of brilliance {unknown}


   Skills:
 + Level 3.5 Fighting
 + Level 2.4 Polearms
 + Level 3.2 Armour
 + Level 3.2 Shields


You had 3 spell levels left.
You didn't know any spells.
Your spell library contained the following spells:

 Spells                   Type           Power      Damage    Failure   Level
 Apportation              Tloc           0%         N/A       85%         1
 Jinxbite                 Hex            0%         N/A       94%         2
 Ozocubu's Armour         Ice            0%         N/A       99%         3
 Alistair's Intoxication  Tmut/Pois      0%         N/A       100%        5
 Ozocubu's Refrigeration  Ice            0%         4d7       100%        7


Dungeon Overview and Level Annotations

Branches:
Dungeon (2/15)

Altars:
Qazlal


Innate Abilities, Weirdness & Mutations

You have a pair of small horns on your head.
You regenerate a little health from kills.


Message History

You reach to attack!
You barely miss the gnoll. The gnoll hits you with a +0 club.
You barely miss the gnoll. The gnoll hits you with a +0 club. x2
You hit the gnoll.
The gnoll is lightly wounded.
The gnoll hits you but does no damage. x2; You block the gnoll's attack.
The gnoll hits you with a +0 club.
You closely miss the gnoll. You headbutt the gnoll.
The gnoll is heavily wounded.
The gnoll closely misses you. The gnoll barely misses you.
The gnoll hits you but does no damage. x2
You hit the gnoll.
You kill the gnoll!
The gnoll hits you but does no damage. The gnoll hits you with a +0 club.
The gnoll hits you but does no damage. The gnoll closely misses you.
You have reached level 4!
You feel agile.
Your demonic ancestry asserts itself...
A wave of death washes over you.
You hit the gnoll.
The gnoll is lightly wounded.
The gnoll hits you with a +0 club. The gnoll barely misses you.
You block the gnoll's attack.
You closely miss the gnoll. You headbutt the gnoll.
The gnoll is moderately wounded.
You block the gnoll's attack. The gnoll hits you but does no damage.
You block the gnoll's attack.
The gnoll hits you with a +0 flail of holy wrath!
You convulse!
* * * LOW HITPOINT WARNING * * *
The gnoll hits you but does no damage.
You are too injured to fight recklessly!
You are too injured to fight recklessly!
You are too injured to fight recklessly!
You are too injured to fight recklessly!
You are too injured to fight recklessly!
You are too injured to fight recklessly!
You closely miss the gnoll.
The gnoll is moderately wounded.
The gnoll hits you with a +0 club.
You die...

#.# ##~~~~~~~~##..##
#.# ##~~......~~##..#
#.###~~.....[..~~##..
#.##~~..........~~###
###~~............~~##
#~~....~~~~~~....~~#
#~....~♣♣♣♣♣♣~....~#
#~....~♣ ♣~....~#
+..@g.~♣ ♣~.....'
+.)gg.~♣ ♣~.....'
#~....~♣ ♣~....~#
#~....~♣ ♣~....~#
#~~....~~ ~~~....~~#
##~~............~~##
##~~..........~~##
##~~........~~##
.....~~##


You could see 3 gnolls.

Vanquished Creatures
  A gnoll (D:2)
  An adder (D:2)
  A worm (D:2)
  2 dart slugs
  3 bats (D:1)
  4 endoplasms
  3 giant cockroaches
  A goblin (D:1)
  7 hobgoblins
  2 jackals (D:1)
  3 quokkas (D:1)
  4 ball pythons (D:1)
  2 frilled lizards (D:1)
  3 kobolds (D:1)
  4 rats
41 creatures vanquished.

Notes
Turn   | Place    | Note
-------+----------+-------------------------------------------
     0 | D:1      | Partyfoot the Demonspawn Fighter began the quest for the
                  | Orb.
     0 | D:1      | Reached XP level 1. HP: 18/18 MP: 1/1
   362 | D:1      | Discovered your monstrous ancestry.
   362 | D:1      | Gained mutation: You have a pair of small horns on your
                  | head. [demonic ancestry]
   362 | D:1      | Reached XP level 2. HP: 24/24 MP: 2/2
   647 | D:1      | Reached XP level 3. HP: 29/29 MP: 3/3
  1199 | D:2      | Found a stormy altar of Qazlal.
  1235 | D:2      | Found a faded altar of an unknown god.
  1523 | D:2      | Gained mutation: You regenerate a little health from kills.
                  | [demonic ancestry]
  1523 | D:2      | Reached XP level 4. HP: 22/35 MP: 4/4
  1524 | D:2      | HP: 1/35 [gnoll/+0 flail of holy wrath (12)]
  1525 | D:2      | Slain by a gnoll

Illustrated notes

Levels and vault maps discovered:
D:1:      dpeg_arrival_erosion, layout_basic, interstate_on_off
D:2:      layout_loops_ring, shapermc_ecumenical_altar_mp_ritualfount,
          serial_shops, shop, basic_altar, kennysheep_big_empty_room

Skill      XL: |  1  2 |
---------------+-------+-----
Polearms       | 2 |  2.4
Shields        | 3 |  3.2
Armour         | 3 |  3.2
Fighting       | |  3.5

Action                     |  1- 3 |  4- 6 || total
---------------------------+-------+-------++-------
  Melee: Trident           |   126 |     3 ||   129
         Headbutt          |     8 |     1 ||     9
 Armour: Scale mail        |    64 |     5 ||    69
  Dodge: Dodged            |    32 |     1 ||    33
  Block: Buckler           |    18 |     3 ||    21

Table legend: (Time is in decaauts)
 A = Elapsed time spent in this place.
 B = Non-inter-level travel time spent in this place.
 C = Inter-level travel time spent in this place.
 D = Time resting spent in this place.
 E = Time spent auto-exploring this place.
 F = Levels seen in this place.
 G = Mean time per level.
                   A        B        C        D        E       F      G
               +--------+--------+--------+--------+--------+-----+--------+
         Total |   1555 |   1497 |     58 |     35 |   1162 |   2 |  777.5 |
       Dungeon |   1555 |   1497 |     58 |     35 |   1162 |   2 |  777.5 |
               +--------+--------+--------+--------+--------+-----+--------+

Top non-repeatable levels by time:
     D:1: 1111 daAuts
     D:2: 444 daAuts
